 Dungeon Crawl Stone Soup version 0.17.0-15-g6d90897 (webtiles) character file.

2704 truemonolith the Basher (level 9, 0/74 HPs)
             Began as a Deep Dwarf Fighter on Nov 10, 2015.
             Killed from afar by an electric eel (5 damage)
             ... with a bolt of electricity
             ... on level 7 of the Dungeon.
             The game lasted 00:14:55 (5144 turns).

truemonolith the Basher (Deep Dwarf Fighter)        Turns: 5144, Time: 00:14:57

Health: 0/74       AC: 12    Str: 22    XL:     9   Next: 39%
Magic:  9/9        EV: 17    Int: 10    God:
Gold:   262        SH:  0    Dex: 17    Spells: 0 memorised, 8 levels left

rFire  . . .     SeeInvis .     w - +5 war axe of Success {chop, rC+}
rCold  + . .     Clarity  .     u - +1 ring mail of Mymmir {Dex+5}
rNeg   . . .     SustAt   .     (no shield)
rPois  .         Gourm    .     (no helmet)
rElec  .         Spirit   .     d - +0 cloak
rCorr  .         Warding  .     F - +1 pair of gloves
rMut   .         Rnd*Tele +     G - +0 pair of boots
MR     +....                    (no amulet)
Stlth  +.........               (no ring)
                                (no ring)

@: non-regenerating, somewhat resistant to hostile enchantments, very unstealthy
A: damage resistance, recharge devices, high mp 1, sense surroundings 2, slow
regeneration 3, teleportitis 1, wild magic 1
a: Device Recharging


You were on level 7 of the Dungeon.
You were hungry.

You visited 2 branches of the dungeon, and saw 8 of its levels.

You collected 317 gold pieces.
You spent 55 gold pieces at shops.

Inventory:

Hand Weapons
 a - a +0 flail
 w - the +5 war axe of Success (weapon) {chop, rC+}
   (You found it on level 4 of the Dungeon)

   It inflicts extra damage upon your enemies.
   It protects you from cold.
 y - a +3 dire flail
Armour
 b - a +0 scale mail
 c - a +0 shield
 d - a +0 cloak (worn)
 g - a +2 ring mail of fire resistance
 u - the +1 ring mail of Mymmir (worn) {Dex+5}
   (You found it on level 4 of the Dungeon)

   It affects your dexterity (+5).
 v - a +2 large shield
 F - a +1 pair of gloves (worn)
 G - a +0 pair of boots (worn)
Jewellery
 k - an uncursed ring of wizardry
Wands
 e - a wand of heal wounds (0)
 z - a wand of magic darts (20)
 D - a wand of disintegration (8)
Scrolls
 h - 3 scrolls of fear
 i - 5 scrolls of identify
 j - a scroll of random uselessness
 m - 2 scrolls of teleportation
 n - a scroll of enchant weapon
 o - 2 scrolls of remove curse
 q - 2 scrolls of fog {unknown}
 x - 3 scrolls of enchant armour
Potions
 r - a potion of flight
 t - a potion of might
 A - a potion of curing
Books
 l - a book of Callings

   Spells                             Type                      Level
   a - Summon Small Mammal            Summoning                    1
   b - Call Imp                       Summoning                    2
   c - Call Canine Familiar           Summoning                    3
   d - Summon Guardian Golem          Hexes/Summoning              3
   e - Summon Lightning Spire         Summoning/Air                4
   f - Summon Ice Beast               Ice/Summoning                4
Comestibles
 f - 3 bread rations
 p - a royal jelly
 s - 3 fruits
 E - a slice of pizza
 H - a meat ration


   Skills:
 - Level 2.6 Fighting
 - Level 12.0 Maces & Flails
 - Level 6.1 Armour
 + Level 8.3 Dodging
 - Level 3.2 Shields


You had 8 spell levels left.
You didn't know any spells.

Dungeon Overview and Level Annotations

Branches:
Dungeon (7/15)             Temple (1/1) D:6

Altars:
Ashenzari
Cheibriados
Elyvilon
Fedhas
Gozag
Kikubaaqudgha
Okawaru
Qazlal
Ru
Trog
Vehumet
Xom
Yredelemnul
Zin
Lugonu

Shops:
D:6 *


Innate Abilities, Weirdness & Mutations

You are resistant to damage.
You can recharge devices by infusing magical energy.
You passively map the area around you.
You do not regenerate naturally.
You have an increased reservoir of magic (+10% MP).
You are occasionally teleported to nearby monsters.
Your spells are a little harder to cast, but a little more powerful.


Message History

There is a large open door here.
There is an open door here.
You see here a ring mail.
Items here: )) [[ an enchanted mace; a glowing robe; an enchanted flail; a robe You are feeling hungry.
Found a robe.
Found an escape hatch in the ceiling.
Wield which item (- for none, * to show all)? (? for menu, Esc to quit)
Okay, then.
Drink which item? (? for menu, Esc to quit)
Okay, then.
You are suddenly yanked towards a nearby monster!
Your surroundings suddenly seem different.
Splash!
You fall into the shallow water.
Moving in this stuff is going to be slow.
The electric eel shoots out a bolt of lightning at you!
The bolt of electricity hits you!
You die...

############
*#≈@≈≈≈≈≈≈≈≈### #
#≈≈≈≈≈≈≈≈≈≈≈≈≈## ##
##≈≈≈;≈≈≈≈≈≈≈#.####.
###≈≈≈≈≈######....#
≈≈≈≈≈≈≈≈* #....#
≈≈≈≈≈≈≈≈≈ #....#
####≈≈≈≈ #....# * ,,
.≈≈≈≈ ≈ ##''## .≈≈ ≈
#..##


You could see an electric eel.

Vanquished Creatures
  A hippogriff (D:7)
  An orc warrior (D:7)
  2 ogres (D:4)
  2 ice beasts
  3 phantoms
  3 sky beasts
  A centaur (D:6)
  Blork the orc (D:5)
  A gnoll sergeant (D:7)
  A giant frog (D:7)
  A scorpion (D:4)
  4 killer bees (D:6)
  4 wights (D:7)
  An electric eel (D:7)
  A giant frog zombie (D:5)
  2 orc priests
  A centaur zombie (D:6)
  4 hounds
  A jelly (D:7)
  Crazy Yiuf (D:2)
  5 worker ants
  Terence (D:2)
  A giant frog skeleton (D:7)
  3 orc wizards (D:4)
  7 adders
  5 gnolls (D:7)
  A shadow imp (D:5)
  2 adder skeletons
  An adder zombie (D:6)
  2 worms
  4 giant geckos
  11 orcs
  6 giant cockroaches
  5 goblins
  3 hobgoblins
  10 jackals
  A quokka (D:6)
  7 bats
  A giant gecko skeleton (D:4)
  9 giant newts
  7 kobolds
  2 quokka skeletons (D:5)
  3 rats (D:1)
133 creatures vanquished.

Notes
Turn   | Place    | Note
--------------------------------------------------------------
     0 | D:1      | truemonolith the Deep Dwarf Fighter began the quest for the Orb.
     0 | D:1      | Reached XP level 1. HP: 20/20 MP: 1/1
    97 | D:1      | Reached XP level 2. HP: 18/27 MP: 2/2
   713 | D:2      | Noticed Terence
   720 | D:2      | Killed Terence
   720 | D:2      | Reached skill level 4 in Maces & Flails
   720 | D:2      | Reached XP level 3. HP: 17/33 MP: 3/3
   779 | D:2      | Noticed Crazy Yiuf
   783 | D:2      | Killed Crazy Yiuf
   783 | D:2      | Reached XP level 4. HP: 19/40 MP: 4/4
   825 | D:2      | Reached skill level 12 in Maces & Flails
   825 | D:2      | Reached XP level 5. HP: 13/46 MP: 5/5
  1565 | D:3      | Reached XP level 6. HP: 25/55 MP: 6/6
  2213 | D:4      | Got a fine ring mail
  2224 | D:4      | Identified the +1 ring mail of Mymmir {Dex+5} (You found it on level 4 of the Dungeon)
  2347 | D:4      | Reached skill level 5 in Armour
  2347 | D:4      | Reached XP level 7. HP: 25/61 MP: 7/7
  2349 | D:4      | Got a shimmering war axe
  2350 | D:4      | Identified the +5 war axe of Success {chop, rC+} (You found it on level 4 of the Dungeon)
  3154 | D:5      | Entered Level 5 of the Dungeon
  3164 | D:5      | Reached skill level 1 in Dodging
  3204 | D:5      | Found a snail-covered altar of Cheibriados.
  3205 | D:5      | Found a basalt altar of Yredelemnul.
  3206 | D:5      | Found an iron altar of Okawaru.
  3220 | D:5      | Found an ancient bone altar of Kikubaaqudgha.
  3242 | D:5      | Found a radiant altar of Vehumet.
  3242 | D:5      | Found a white marble altar of Elyvilon.
  3350 | D:5      | Noticed Blork the orc
  3357 | D:5      | Killed Blork the orc
  3522 | D:5      | Found a bloodstained altar of Trog.
  3596 | D:5      | Gained mutation: Your spells are a little harder to cast, but a little more powerful. [potion of mutation]
  3596 | D:5      | Gained mutation: You are occasionally teleported to nearby monsters. [potion of mutation]
  3596 | D:5      | Gained mutation: You have an increased reservoir of magic (+10% MP). [potion of mutation]
  3695 | D:6      | Reached XP level 8. HP: 44/68 MP: 8/8
  3698 | D:6      | Found a staircase to the Ecumenical Temple.
  3861 | Temple   | Entered the Ecumenical Temple
  3939 | D:6      | Found Canuah's General Store.
  3943 | D:6      | Bought a potion of heal wounds for 55 gold pieces
  4052 | D:6      | Reached skill level 5 in Dodging
  4463 | D:7      | Gained mutation: You passively map the area around you. [Deep Dwarf growth]
  4463 | D:7      | Reached XP level 9. HP: 21/74 MP: 9/9
  5144 | D:7      | Killed from afar by an electric eel

Action                   |  1- 3 |  4- 6 |  7- 9 || total
-------------------------+-------+-------+-------++-------
Melee: Flail             |   110 |   143 |       ||   253
       War axe           |       |       |   193 ||   193
Evoke: Wand              |       |     2 |     5 ||     7
  Use: Potion            |     1 |     1 |     6 ||     8
       Scroll            |       |       |    13 ||    13
  Eat: Chunk             |       |     3 |     2 ||     5
       Bread ration      |       |       |     2 ||     2
